 Dungeon Crawl Stone Soup version 0.22-a0-558-gc2241811a9 (webtiles) character file.

960 PikkenKukken the Shooter (level 7, -7/60 HPs)
             Began as a Centaur Hunter on June 27, 2018.
             Was an Initiate of Makhleb.
             Mangled by Menkaure (16 damage)
             ... on level 6 of the Dungeon.
             The game lasted 00:19:46 (5760 turns).

PikkenKukken the Shooter (Centaur Hunter)           Turns: 5760, Time: 00:19:47

Health: -7/60      AC: 10    Str: 16    XL:     7   Next: 92%
Magic:  7/7        EV:  3    Int: 10    God:    Makhleb [......]
Gold:   265        SH:  0    Dex: 10    Spells: 6/6 levels left

rFire    x . .     SeeInvis .   b - +0 war axe
rCold    + . .     Gourm    .   (no shield)
rNeg     . . .     Faith    .   t - +0 plate armour
rPois    .         Spirit   .   (no helmet)
rElec    .         Reflect  .   y - +0 cloak
rCorr    .         Harm     .   (no gloves)
MR       .....                  (no barding)
Stlth    ..........             (no amulet)
HPRegen  0.20/turn              (no ring)
MPRegen  0.10/turn              p - ring of ice

@: very quick
A: large, hooves 3, deformed body, speed 2, tough skin 3
a: Renounce Religion


You were on level 6 of the Dungeon.
You worshipped Makhleb.
Makhleb was noncommittal.
You were not hungry.

You visited 2 branches of the dungeon, and saw 7 of its levels.

You collected 265 gold pieces.

Inventory:

Hand Weapons
 a - a +2 shortbow
 b - a +0 war axe (weapon)
Missiles
 q - 3 arrows
 A - 10 bolts
Armour
 c - a +1 leather armour
 d - a +0 scale mail
 t - a +0 plate armour (worn)
 y - a +0 cloak (worn)
Jewellery
 l - an uncursed ring of ice
 p - a ring of ice (right hand)
Scrolls
 g - a scroll of teleportation
 k - 2 scrolls of blinking
 n - a scroll of remove curse
 v - a scroll of enchant armour
 x - a scroll of enchant weapon
Potions
 e - a potion of brilliance
 h - 4 potions of curing
 i - 2 potions of lignification
 j - 2 potions of might
 m - a potion of agility
 r - a potion of magic
 s - 2 potions of flight
 z - a potion of degeneration {unknown}
 B - a potion of haste
Comestibles
 f - 6 rations
 o - 3 chunks of flesh


   Skills:
 + Level 4.7 Fighting
 * Level 1.8 Axes
 + Level 7.8 Bows
 + Level 3.0 Armour
 + Level 3.6 Dodging
 - Level 0.4 Stealth


You had 6 spell levels left.
You didn't know any spells.
Your spell library was empty.

Dungeon Overview and Level Annotations

Branches:
Dungeon (6/15)             Temple (1/1) D:5

Altars:
Dithmenos
Fedhas
Hepliaklqana
Makhleb
Qazlal
Sif Muna
Uskayaw
Vehumet
Yredelemnul

Annotations:
D:6 Menkaure


Innate Abilities, Weirdness & Mutations

You have hooves in place of feet.
Armour fits poorly on your strangely shaped body.
You cover ground very quickly.
You have extremely tough skin. (AC +3)


Message History

Menkaure is lightly damaged.
Menkaure hits you!
You hit Menkaure but do no damage. Your kick misses Menkaure.
Menkaure is lightly damaged.
Menkaure hits you!
Menkaure points at you and mumbles some strange words.
You struggle to resist.
Your plate armour prevents you from hitting Menkaure.
Your kick misses Menkaure.
Menkaure is lightly damaged.
Menkaure hits you! x2
* * * LOW HITPOINT WARNING * * *
You hit Menkaure. Your kick misses Menkaure.
Menkaure is lightly damaged.
Menkaure hits you but does no damage.
You hit Menkaure but do no damage. You kick Menkaure.
Menkaure is moderately damaged.
Menkaure gestures at you while chanting.
You struggle to resist.
Menkaure hits you!
You die...

##.....## #(..##..##
...# ##..##....# ...##
########..(#(_...#......
...(##....(##....#....#
....(.......##..##....#
...............##.....#
.....(.(..())###....<.#
h.....(.(..)<)..@M....#
..........[.)#.......##
...........###+###...#
...........# .....#
..(........# ....#
.)..##.....+ ....#
######....## ...# ######
...#


You could see Menkaure.

Vanquished Creatures
  A water moccasin (D:5)
  A black bear (D:5)
  A bullfrog (D:4)
  4 crimson imps
  A bullfrog zombie (D:5)
  3 hounds
  A jelly (D:5)
  2 orc priests
  Jessica (D:3)
  An iguana (D:5)
  4 orc wizards
  A hound skeleton (D:6)
  6 adders
  2 gnolls
  An ooze (D:1)
  An adder skeleton (D:5)
  2 worms
  5 dart slugs
  2 leopard geckos
  10 orcs
  4 giant cockroaches
  8 goblins
  5 hobgoblins
  2 jackals (D:2)
  10 kobolds
  2 quokkas
  A ball python (D:1)
  14 bats
  5 frilled lizards
  9 rats
110 creatures vanquished.

Notes
Turn   | Place    | Note
-------+----------+-------------------------------------------
     0 | D:1      | PikkenKukken the Centaur Hunter began the quest for the Orb.
     0 | D:1      | Reached XP level 1. HP: 17/17 MP: 1/1
   118 | D:1      | Reached XP level 2. HP: 24/24 MP: 2/2
   346 | D:1      | Reached XP level 3. HP: 30/30 MP: 3/3
   635 | D:2      | Found a hide-covered altar of Uskayaw.
   680 | D:2      | Reached skill level 1 in Armour
   937 | D:2      | Reached XP level 4. HP: 15/37 MP: 4/4
  1346 | D:2      | Found a faded altar of an unknown god.
  1546 | D:2      | Reached skill level 6 in Bows
  1865 | D:3      | Reached XP level 5. HP: 31/45 MP: 5/5
  2053 | D:3      | Noticed Jessica
  2059 | D:3      | Killed Jessica
  2421 | D:3      | You fall through a shaft for 3 floors!
  2421 | D:6      | Found a shadowy altar of Dithmenos.
  2426 | D:6      | Noticed a water moccasin
  2428 | D:6      | Noticed an ogre
  2429 | D:5      | Entered Level 5 of the Dungeon
  3293 | D:4      | Reached XP level 6. HP: 40/51 MP: 6/6
  3613 | D:4      | Found a basalt altar of Yredelemnul.
  4290 | D:5      | Reached skill level 7 in Bows
  4483 | D:5      | Found a staircase to the Ecumenical Temple.
  4488 | Temple   | Entered the Ecumenical Temple
  4505 | Temple   | Became a worshipper of Makhleb the Destroyer
  4566 | D:5      | Reached XP level 7. HP: 41/59 MP: 7/7
  5174 | D:6      | Reached skill level 1 in Axes
  5555 | D:6      | Noticed Menkaure
  5760 | D:6      | Mangled by Menkaure

Vault maps used:
D:1:      mainiacjoe_arrival_reflecting_pool, minmay_stone_trees_small,
          kennysheep_nondescript
D:2:      old_standard_altar, chequers_ecumenical_altar_simple_redux,
          interstate_on_off
D:3:      first_ration, uniq_jessica
D:4:      minmay_wonky_spiral, old_standard_altar, nrook_uturn
D:5:      minmay_temple_entry_steel_oval
D:6:      nicolae_dithmenos_through_a_glass_darkly, serial_shops,
          kennysheep_little_box, nicolae_ossuary_entry_ruins, uniq_menkaure
Temple:   nicolae_temple_elliptical

Skill      XL: |  1  2  3  4  5  6  7 |
---------------+----------------------+-----
Armour         | 1 2 3 |  3.0
Dodging        | 2 3 |  3.6
Bows           | 6 7 |  7.8
Fighting       | 3 4 |  4.7
Axes           | 1 |  1.8
Stealth        | |  0.4

Action                   |  1- 3 |  4- 6 |  7- 9 || total
-------------------------+-------+-------+-------++-------
Melee: Short sword       |    26 |   143 |       ||   169
       Kick              |     2 |    55 |    15 ||    72
       Spear             |       |   126 |    20 ||   146
       War axe           |       |       |    29 ||    29
       Shortbow          |       |       |     1 ||     1
 Fire: Shortbow          |   107 |    27 |    64 ||   198
  Use: Scroll            |     5 |    10 |       ||    15
       Potion            |       |       |     1 ||     1
  Eat: Ration            |       |     3 |       ||     3
       Chunk             |       |     1 |     1 ||     2
Armor: Leather armour    |    33 |    28 |       ||    61
       Plate armour      |       |   125 |   113 ||   238
       Scale mail        |       |     3 |       ||     3
Dodge: Dodged            |    34 |    61 |    17 ||   112

Table legend:
 A = Spawn XP
 B = Non-spawn XP
 C = Spawn XP percentage of total XP
 D = Spawn monster count
 E = Non-spawn monster count
 F = Spawn count percentage of total count
 G = Total turns spent on level
                    A         B        C        D         E        F      G
               +---------+---------+-------+---------+---------+-------+---------
         Total |       0 |    1372 |   0.0 |       0 |     110 |   0.0 |  5760
               +---------+---------+-------+---------+---------+-------+---------
           D:1 |       0 |      50 |   0.0 |       0 |      26 |   0.0 |   561
           D:2 |       0 |     106 |   0.0 |       0 |      32 |   0.0 |  1259
           D:3 |       0 |     168 |   0.0 |       0 |      21 |   0.0 |  1212
           D:4 |       0 |     270 |   0.0 |       0 |       8 |   0.0 |  1191
           D:5 |       0 |     550 |   0.0 |       0 |      11 |   0.0 |  1328
           D:6 |       0 |     228 |   0.0 |       0 |      12 |   0.0 |   179
               +---------+---------+-------+---------+---------+-------+---------
